| TOP OF THE 1ST |
|
Lansing Lugnuts batting - Pitching for Quad Cities River Bandits : RHP Isaiah McLaurin
|
|
Pitching: RHP Isaiah McLaurin
|
|
|
Batting: LHB Timo Gomez
|
0-0: Ball 1-0: Called Strike 1-1: Called Strike 1-2: Ball 2-2: Hit by Pitch
|
|
Batting: LHB Frank Nelson
|
0-0: Ball Timo Gomez steals 2nd base 1-0: Foul Ball, location: 2F 1-1: Ball 2-1: Ball 3-1: Swinging Strike 3-2: DOUBLE (Flyball, 89XD, EV 96.2 MPH) Timo Gomez scores
|
|
Batting: RHB Raul de la Cruz
|
0-0: Ball 1-0: Ground out 4-3 (Groundball, 4S, EV 88.8 MPH) Frank Nelson to third
|
|
Batting: RHB John Michener
|
0-0: Swinging Strike 0-1: Ball 1-1: Ball 2-1: Foul Ball, location: 2F 2-2: Foul Ball, location: 2F 2-2: Ball 3-2: Base on Balls
|
|
Batting: RHB John Hering
|
0-0: Called Strike 0-1: Foul Ball, location: 2F 0-2: Ball 1-2: Foul Ball, location: 2F 1-2: Foul Ball, location: 2F 1-2: Ball 2-2: Foul Ball, location: 2F 2-2: Fly out, F8 (Line Drive, 8LD, EV 97.5 MPH) Runner from 3rd tags up, OUT at HOME! 8-2
|
| Top of the 1st over - 1 run, 1 hit, 0 errors, 1 left on base; Lansing 1 - Quad Cities 0 |
| BOTTOM OF THE 1ST |
|
Quad Cities River Bandits batting - Pitching for Lansing Lugnuts : RHP Ben Knapp
|
|
Pitching: RHP Ben Knapp
|
|
|
Batting: RHB Sean Mounts
|
0-0: Ball 1-0: Called Strike 1-1: Called Strike 1-2: Ball 2-2: Ground out 6-3 (Groundball, 56, EV 80.0 MPH)
|
|
Batting: LHB Kelvin Jones
|
0-0: Called Strike 0-1: Ball 1-1: Ball 2-1: SINGLE (Line Drive, 78M, EV 91.2 MPH)
|
|
Batting: LHB Daigo Ishii
|
0-0: Ball Kelvin Jones is caught stealing 2nd base 2-6 1-0: Ball 2-0: Ground out 4-3 (Groundball, 4, EV 103.1 MPH)
|
| Bottom of the 1st over - 0 runs, 1 hit, 0 errors, 0 left on base; Lansing 1 - Quad Cities 0 |
| TOP OF THE 2ND |
|
Lansing Lugnuts batting - Pitching for Quad Cities River Bandits : RHP Isaiah McLaurin
|
|
Batting: RHB Jamie Ogilvie
|
0-0: Ball 1-0: Ball 2-0: Ball 3-0: Called Strike 3-1: Foul Ball, location: 2F 3-2: Base on Balls
|
|
Batting: LHB Roger Escareno
|
0-0: Ball Jamie Ogilvie is caught stealing 2nd base 2-6 1-0: Ball 2-0: SINGLE (Groundball, 3D, EV 100.0 MPH)
|
|
Batting: RHB Jose Ontiveros
|
0-0: Called Strike 0-1: Foul Ball, location: 2F 0-2: Fielders Choice at 2nd, 5-4 (Groundball, 56, EV 80.6 MPH)
|
|
Batting: RHB Shunsuke Shiba Inu
|
0-0: Ball 1-0: Ground out 1-3 (Groundball, 13S, EV 70.0 MPH)
|
| Top of the 2nd over - 0 runs, 1 hit, 0 errors, 1 left on base; Lansing 1 - Quad Cities 0 |
| BOTTOM OF THE 2ND |
|
Quad Cities River Bandits batting - Pitching for Lansing Lugnuts : RHP Ben Knapp
|
|
Batting: RHB Andrew Pride
|
0-0: Ball 1-0: Ball 2-0: Ball 3-0: Base on Balls
|
|
Batting: LHB Glenn Lowther
|
0-0: Called Strike 0-1: Ball 1-1: Fly out, F8 (Flyball, 8RXD, EV 98.8 MPH)
|
|
Batting: RHB Alex Campos
|
0-0: Foul Ball, location: 2F 0-1: Grounds into double play, 6-4-3 (Groundball, 6, EV 107.5 MPH)
|
| Bottom of the 2nd over - 0 runs, 0 hits, 0 errors, 0 left on base; Lansing 1 - Quad Cities 0 |
| TOP OF THE 3RD |
|
Lansing Lugnuts batting - Pitching for Quad Cities River Bandits : RHP Isaiah McLaurin
|
|
Batting: LHB Timo Gomez
|
0-0: Called Strike 0-1: Swinging Strike 0-2: Foul Ball, location: 2F 0-2: Ball 1-2: Strikes out swinging
|
|
Batting: LHB Frank Nelson
|
0-0: Ball 1-0: Called Strike 1-1: Ball 2-1: Ball 3-1: Swinging Strike 3-2: SINGLE (Groundball, 34D, EV 102.5 MPH)
|
|
Batting: RHB Raul de la Cruz
|
0-0: DOUBLE (Line Drive, 78D, EV 102.5 MPH) Frank Nelson to third
|
|
Batting: RHB John Michener
|
0-0: Ball 1-0: Ball 2-0: Ground out 5-3 (Groundball, 56, EV 96.9 MPH) Frank Nelson scores
|
|
Batting: RHB John Hering
|
0-0: Ball 1-0: Ball 2-0: Ball 3-0: Called Strike 3-1: Base on Balls
|
|
Batting: RHB Jamie Ogilvie
|
0-0: Ball 1-0: Ball 2-0: Ball 3-0: Base on Balls Raul de la Cruz to third John Hering to second
|
|
Batting: LHB Roger Escareno
|
0-0: Called Strike 0-1: Ball 1-1: Ground out 4-3 (Groundball, 4, EV 86.9 MPH)
|
| Top of the 3rd over - 1 run, 2 hits, 0 errors, 3 left on base; Lansing 2 - Quad Cities 0 |
| BOTTOM OF THE 3RD |
|
Quad Cities River Bandits batting - Pitching for Lansing Lugnuts : RHP Ben Knapp
|
|
Batting: RHB Kieron Clark
|
0-0: Called Strike 0-1: Ball 1-1: Ball 2-1: Foul Ball, location: 2F 2-2: Strikes out swinging
|
|
Batting: RHB Reginald McDougall
|
0-0: Ball 1-0: Swinging Strike 1-1: Called Strike 1-2: Foul Ball, location: 2F 1-2: Foul Ball, location: 2F 1-2: Ball 2-2: Foul Ball, location: 2F 2-2: Strikes out swinging
|
|
Batting: RHB Lee Wright
|
0-0: Ball 1-0: Called Strike 1-1: Ground out 5-3 (Groundball, 5S, EV 68.1 MPH)
|
| Bottom of the 3rd over - 0 runs, 0 hits, 0 errors, 0 left on base; Lansing 2 - Quad Cities 0 |
| TOP OF THE 4TH |
|
Lansing Lugnuts batting - Pitching for Quad Cities River Bandits : RHP Isaiah McLaurin
|
|
Batting: RHB Jose Ontiveros
|
0-0: Ball 1-0: Ball 2-0: Reached on error, E6 (Groundball, 6, EV 88.8 MPH)
|
|
Batting: RHB Shunsuke Shiba Inu
|
0-0: Called Strike 0-1: Swinging Strike 0-2: Ball 1-2: Ball 2-2: Reached on error, E2 (Groundball, 2L, EV 65.0 MPH) Jose Ontiveros to third
|
|
Batting: LHB Timo Gomez
|
0-0: Foul Ball, location: 2F 0-1: Foul Ball, location: 2F 0-2: Foul Ball, location: 2F 0-2: Ball 1-2: Ball 2-2: Ball 3-2: Foul Ball, location: 2F 3-2: Base on Balls Shunsuke Shiba Inu to second
|
|
Batting: LHB Frank Nelson
|
0-0: Foul Ball, location: 2F 0-1: Ball 1-1: Foul Ball, location: 2F 1-2: Foul Ball, location: 2F 1-2: Strikes out swinging
|
|
Batting: RHB Raul de la Cruz
|
0-0: Foul Ball, location: 2F 0-1: Foul Ball, location: 2F 0-2: Strikes out swinging
|
|
Batting: RHB John Michener
|
0-0: Called Strike 0-1: Ball 1-1: Called Strike 1-2: Fly out, F5 (Popup, 5SF, EV 67.5 MPH)
|
| Top of the 4th over - 0 runs, 0 hits, 2 errors, 3 left on base; Lansing 2 - Quad Cities 0 |
| BOTTOM OF THE 4TH |
|
Quad Cities River Bandits batting - Pitching for Lansing Lugnuts : RHP Ben Knapp
|
|
Batting: RHB Sean Mounts
|
0-0: Fly out, F2 (Popup, 2LF, EV 86.2 MPH)
|
|
Batting: LHB Kelvin Jones
|
0-0: Ball 1-0: Called Strike 1-1: Ball 2-1: Ball 3-1: Base on Balls
|
|
Batting: LHB Daigo Ishii
|
0-0: Ball 1-0: Grounds into double play, 4-6-3 (Groundball, 4, EV 82.5 MPH)
|
| Bottom of the 4th over - 0 runs, 0 hits, 0 errors, 0 left on base; Lansing 2 - Quad Cities 0 |
| TOP OF THE 5TH |
|
Lansing Lugnuts batting - Pitching for Quad Cities River Bandits : RHP Isaiah McLaurin
|
|
Batting: RHB John Hering
|
0-0: Swinging Strike 0-1: Ball 1-1: Called Strike 1-2: Fly out, F9 (Line Drive, 9, EV 92.5 MPH)
|
|
Batting: RHB Jamie Ogilvie
|
0-0: Called Strike 0-1: Foul Ball, location: 2F 0-2: Foul Ball, location: 2F 0-2: Strikes out looking
|
|
Batting: LHB Roger Escareno
|
0-0: Called Strike 0-1: Ball 1-1: Swinging Strike 1-2: Ball 2-2: SOLO HOME RUN (Flyball, 9D, EV 96.2 MPH), Distance : 356 ft
|
|
Batting: RHB Jose Ontiveros
|
0-0: Ball 1-0: Ball 2-0: Ball 3-0: Base on Balls
|
|
Batting: RHB Shunsuke Shiba Inu
|
0-0: Called Strike 0-1: SINGLE (Groundball, 6S, EV 93.8 MPH) Jose Ontiveros to second
|
|
Pitching: RHP Carlos Zavala
|
|
|
Batting: LHB Timo Gomez
|
0-0: Ball 1-0: Ball 2-0: Ball 3-0: Base on Balls Jose Ontiveros to third Shunsuke Shiba Inu to second
|
|
Batting: LHB Frank Nelson
|
0-0: Ball 1-0: Ground out 4-3 (Groundball, 4, EV 100.0 MPH)
|
| Top of the 5th over - 1 run, 2 hits, 0 errors, 3 left on base; Lansing 3 - Quad Cities 0 |
| BOTTOM OF THE 5TH |
|
Quad Cities River Bandits batting - Pitching for Lansing Lugnuts : RHP Ben Knapp
|
|
Batting: RHB Andrew Pride
|
0-0: Ground out 3-1 (Groundball, 34S, EV 79.4 MPH)
|
|
Batting: LHB Glenn Lowther
|
0-0: Fly out, F7 (Flyball, 7S, EV 89.4 MPH)
|
|
Batting: RHB Alex Campos
|
0-0: Called Strike 0-1: Ball 1-1: Ball 2-1: SINGLE (Groundball, 56D, EV 105.0 MPH)
|
|
Batting: RHB Kieron Clark
|
0-0: Ball 1-0: Called Strike 1-1: Foul Ball, location: 2F 1-2: Ball 2-2: Ball 3-2: Strikes out swinging
|
| Bottom of the 5th over - 0 runs, 1 hit, 0 errors, 1 left on base; Lansing 3 - Quad Cities 0 |
| TOP OF THE 6TH |
|
Lansing Lugnuts batting - Pitching for Quad Cities River Bandits : RHP Carlos Zavala
|
|
Batting: RHB Raul de la Cruz
|
0-0: Ball 1-0: Foul Ball, location: 2F 1-1: Foul Ball, location: 2F 1-2: Ball 2-2: Ball 3-2: Fly out, F9 (Flyball, 9, EV 93.8 MPH)
|
|
Batting: RHB John Michener
|
0-0: Swinging Strike 0-1: SOLO HOME RUN (Flyball, 89XD, EV 101.9 MPH), Distance : 417 ft
|
|
Batting: RHB John Hering
|
0-0: Called Strike 0-1: SINGLE (Groundball, 6MD, EV 95.0 MPH)
|
|
Batting: RHB Jamie Ogilvie
|
0-0: Called Strike 0-1: Called Strike 0-2: Ball John Hering steals 2nd base 1-2: Foul Ball, location: 2F 1-2: Foul Ball, location: 2F 1-2: Foul Ball, location: 2F 1-2: Ground out 5-3 (Groundball, 56, EV 85.0 MPH)
|
|
Batting: LHB Roger Escareno
|
0-0: Ball 1-0: SINGLE (Groundball, 25, EV 68.8 MPH) (infield hit) John Hering to third
|
|
Batting: RHB Jose Ontiveros
|
0-0: Ball 1-0: Ground out 1-3 (Groundball, 15S, EV 66.9 MPH)
|
| Top of the 6th over - 1 run, 3 hits, 0 errors, 2 left on base; Lansing 4 - Quad Cities 0 |
| BOTTOM OF THE 6TH |
|
Quad Cities River Bandits batting - Pitching for Lansing Lugnuts : RHP Ben Knapp
|
|
Batting: RHB Reginald McDougall
|
0-0: Hit by Pitch
|
|
Batting: RHB Lee Wright
|
0-0: Ball 1-0: Ball 2-0: Fielders Choice at 2nd, 6-4 (Groundball, 6M, EV 110.0 MPH)
|
|
Batting: RHB Sean Mounts
|
0-0: Ball 1-0: SINGLE (Groundball, 6MD, EV 102.5 MPH) Lee Wright to second
|
|
Batting: LHB Kelvin Jones
|
0-0: Ball 1-0: Ball 2-0: Called Strike 2-1: Swinging Strike 2-2: Fielders Choice at 2nd, 4-6 (Groundball, 4S, EV 87.5 MPH) Lee Wright to third
|
|
Batting: LHB Daigo Ishii
|
0-0: Called Strike Kelvin Jones steals 2nd base 0-1: Ground out 2-3 (Groundball, 2R, EV 71.9 MPH)
|
| Bottom of the 6th over - 0 runs, 1 hit, 0 errors, 2 left on base; Lansing 4 - Quad Cities 0 |
| TOP OF THE 7TH |
|
Lansing Lugnuts batting - Pitching for Quad Cities River Bandits : RHP Carlos Zavala
|
|
Batting: RHB Shunsuke Shiba Inu
|
0-0: Ball 1-0: Ball 2-0: Swinging Strike 2-1: Foul Ball, location: 2F 2-2: Fly out, F8 (Flyball, 8LM, EV 91.2 MPH)
|
|
Batting: LHB Timo Gomez
|
0-0: Called Strike 0-1: Swinging Strike 0-2: Ball 1-2: Foul Ball, location: 2F 1-2: Foul Ball, location: 2F 1-2: Strikes out swinging
|
|
Batting: LHB Frank Nelson
|
0-0: Ball 1-0: Swinging Strike 1-1: Foul Ball, location: 2F 1-2: Foul Ball, location: 2F 1-2: SOLO HOME RUN (Flyball, 9D, EV 93.8 MPH), Distance : 374 ft
|
|
Batting: RHB Raul de la Cruz
|
0-0: Fly out, F9 (Flyball, 89D, EV 86.2 MPH)
|
| Top of the 7th over - 1 run, 1 hit, 0 errors, 0 left on base; Lansing 5 - Quad Cities 0 |
| BOTTOM OF THE 7TH |
|
Quad Cities River Bandits batting - Pitching for Lansing Lugnuts : RHP Ben Knapp
|
|
Now at 2B: Dylan Phillips
|
|
|
Now in RF: Julio Canseco
|
|
|
Batting: RHB Andrew Pride
|
0-0: Ball 1-0: Swinging Strike 1-1: Foul Ball, location: 2F 1-2: Foul Ball, location: 2F 1-2: Ball 2-2: Foul Ball, location: 2F 2-2: Ball 3-2: Ground out 4-3 (Groundball, 4, EV 83.8 MPH)
|
|
Batting: LHB Glenn Lowther
|
0-0: Called Strike 0-1: Ball 1-1: Ball 2-1: Ball 3-1: Called Strike 3-2: Base on Balls
|
|
Batting: RHB Alex Campos
|
0-0: Called Strike Glenn Lowther steals 2nd base (no throw) 0-1: Foul Ball, location: 2F 0-2: Strikes out swinging
|
|
Batting: RHB Kieron Clark
|
0-0: Called Strike 0-1: Called Strike 0-2: Ball 1-2: Ground out 5-3 (Groundball, 56, EV 98.8 MPH)
|
| Bottom of the 7th over - 0 runs, 0 hits, 0 errors, 1 left on base; Lansing 5 - Quad Cities 0 |
| TOP OF THE 8TH |
|
Lansing Lugnuts batting - Pitching for Quad Cities River Bandits : RHP Carlos Zavala
|
|
Batting: RHB John Michener
|
0-0: Ball 1-0: Ball 2-0: Ball 3-0: Base on Balls
|
|
Batting: RHB John Hering
|
0-0: Ball John Michener steals 2nd base 1-0: Called Strike 1-1: Ground out 6-3 (Groundball, 6, EV 100.6 MPH)
|
|
Batting: RHB Jamie Ogilvie
|
0-0: Foul Ball, location: 2F 0-1: Ball 1-1: Ball 2-1: Ball 3-1: Foul Ball, location: 2F 3-2: Base on Balls
|
|
Batting: LHB Roger Escareno
|
0-0: Foul Ball, location: 2F 0-1: SINGLE (Groundball, 3S, EV 76.2 MPH) (infield hit) John Michener to third Jamie Ogilvie to second
|
|
Batting: RHB Jose Ontiveros
|
0-0: SINGLE (Groundball, 6MS, EV 80.6 MPH) (infield hit) John Michener scores Jamie Ogilvie to third Roger Escareno to second
|
|
Batting: RHB Dylan Phillips
|
0-0: Called Strike 0-1: Fielders Choice at 2nd, 6-4 (Groundball, 6, EV 84.4 MPH) Jamie Ogilvie scores Roger Escareno to third
|
|
Pitching: RHP Gabe Torres
|
|
|
Batting: LHB Timo Gomez
|
0-0: Ball 1-0: Called Strike 1-1: Swinging Strike 1-2: SINGLE (Groundball, 5L, EV 105.0 MPH) (infield hit) Roger Escareno scores Dylan Phillips to second
|
|
Batting: LHB Julio Canseco
|
0-0: Called Strike 0-1: Ball 1-1: Ball 2-1: Foul Ball, location: 2F 2-2: Ball 3-2: Base on Balls Dylan Phillips to third Timo Gomez to second
|
|
Batting: RHB Raul de la Cruz
|
0-0: Ball 1-0: Foul Ball, location: 2F 1-1: Ball 2-1: Foul Ball, location: 2F 2-2: Strikes out looking
|
| Top of the 8th over - 3 runs, 3 hits, 0 errors, 3 left on base; Lansing 8 - Quad Cities 0 |
| BOTTOM OF THE 8TH |
|
Quad Cities River Bandits batting - Pitching for Lansing Lugnuts : RHP Ben Knapp
|
|
Pinch Hitting: LHB Danny Wolver
|
0-0: Called Strike 0-1: Ball 1-1: Called Strike 1-2: Ball 2-2: Foul Ball, location: 2F 2-2: Ground out U3 (Groundball, 13, EV 81.9 MPH)
|
|
Batting: RHB Lee Wright
|
0-0: Ball 1-0: Called Strike 1-1: Swinging Strike 1-2: Ball 2-2: Strikes out swinging
|
|
Batting: RHB Sean Mounts
|
0-0: Called Strike 0-1: Called Strike 0-2: Foul Ball, location: 2F 0-2: Ball 1-2: Strikes out swinging
|
| Bottom of the 8th over - 0 runs, 0 hits, 0 errors, 0 left on base; Lansing 8 - Quad Cities 0 |
| TOP OF THE 9TH |
|
Lansing Lugnuts batting - Pitching for Quad Cities River Bandits : RHP Gabe Torres
|
|
Now in LF: Danny Wolver
|
|
|
Now in CF: Glenn Lowther
|
|
|
Batting: RHB John Michener
|
0-0: Ball 1-0: Ball 2-0: Ball 3-0: Called Strike 3-1: Base on Balls
|
|
Batting: RHB John Hering
|
0-0: Ball 1-0: Ball 2-0: Swinging Strike 2-1: Foul Ball, location: 2F 2-2: Foul Ball, location: 2F 2-2: Ball 3-2: Base on Balls John Michener to second
|
|
Batting: RHB Jamie Ogilvie
|
0-0: Foul Ball, location: 2F 0-1: SINGLE (Groundball, 6MD, EV 103.1 MPH) John Michener to third John Hering to second Runner from 3rd tries for Home, SAFE, throw by CF to home
|
|
Batting: LHB Roger Escareno
|
0-0: Called Strike 0-1: Ball 1-1: Fielders Choice at 3rd, U5 (Groundball, 5L, EV 78.8 MPH) Jamie Ogilvie to second
|
|
Batting: RHB Jose Ontiveros
|
0-0: Called Strike 0-1: Foul Ball, location: 2F 0-2: Foul Ball, location: 2F 0-2: Strikes out swinging
|
|
Batting: RHB Dylan Phillips
|
0-0: DOUBLE (Line Drive, 89M, EV 107.5 MPH) Jamie Ogilvie scores Roger Escareno to third Runner from 3rd tries for Home, SAFE, no throw by RF
|
|
Batting: LHB Timo Gomez
|
0-0: Called Strike 0-1: Ground out U3 (Groundball, 3, EV 90.6 MPH)
|
| Top of the 9th over - 3 runs, 2 hits, 0 errors, 1 left on base; Lansing 11 - Quad Cities 0 |
| BOTTOM OF THE 9TH |
|
Quad Cities River Bandits batting - Pitching for Lansing Lugnuts : RHP Ben Knapp
|
|
Pitching: LHP Nick Burnstein
|
|
|
Pinch Hitting: LHB Mike Staley
|
0-0: Called Strike 0-1: Foul Ball, location: 2F 0-2: DOUBLE (Line Drive, 7LS, EV 98.1 MPH)
|
|
Batting: LHB Daigo Ishii
|
0-0: Called Strike 0-1: Foul Ball, location: 2F 0-2: Ball 1-2: Strikes out swinging
|
|
Batting: RHB Andrew Pride
|
0-0: Called Strike 0-1: Ball 1-1: Called Strike 1-2: Ball 2-2: Ball 3-2: Foul Ball, location: 2F 3-2: DOUBLE (Line Drive, 89D, EV 110.0 MPH) Mike Staley scores
|
|
Batting: LHB Glenn Lowther
|
0-0: Foul Ball, location: 2F 0-1: Foul Ball, location: 2F 0-2: DOUBLE (Flyball, 89D, EV 86.2 MPH) Andrew Pride scores
|
|
Batting: RHB Alex Campos
|
0-0: Ball Wild Pitch! Glenn Lowther to third 1-0: Ground out 6-3 (Groundball, 56, EV 101.9 MPH) Glenn Lowther scores
|
|
Pitching: LHP Mike Oakes
|
|
|
Batting: RHB Kieron Clark
|
0-0: Ground out 5-3 (Groundball, 56, EV 85.0 MPH)
|
| Bottom of the 9th over - 3 runs, 3 hits, 0 errors, 0 left on base; Lansing 11 - Quad Cities 3 |
|